AoeStats
← Rotrex

Black Forest

509636345Analyzed
4v4 RM · 3d ago on Sep 27, 2026· 74m 8s· 8 players
Game mode
Random Map
Map size
Large (8 player)
Population
200
Speed
Normal
Resources
Standard
Victory
Conquest
Starting age
Dark Age
Ending age
Imperial Age
RankedLock teamsTeams togetherTeam positionsShared explorationLock speedFull tech treeHidden civsTurbo modeCheats
Victory
Defeat
🇭🇰 Bohemians · Hong Kong SAR China
1382
+12
🇨🇳 Slavs · China
1333
+14
🇨🇳 Mongols · China
1278
+16
🇹🇼 Byzantines · Taiwan
1251
+17
🇪🇸 Spanish · Spain
1393
-18
🇻🇳 Britons · Vietnam
1261
-14
🇮🇹 Bulgarians · Italy
1259
-14
🇪🇸 Huns · Spain
1235
-13
IkerJura23783
1:05 Loom
13:12 Feudal Age
13:47 Double-Bit Axe
18:23 Castle Age
16:45 Gold Mining
22:30 Stone Mining
23:17 Gold Shaft Mining
23:41 Fletching
25:22 Bow Saw
25:19 Horse Collar
28:11 Bodkin Arrow
28:54 Padded Archer Armor
30:19 Leather Archer Armor
30:10 Scale Barding Armor
30:52 Ballistics
30:55 Elite Skirmisher
31:43 Thumb Ring
31:49 Thumb Ring
34:24 Imperial Age
32:44 Marauders
32:48 Husbandry
33:00 Bloodlines
34:45 Wheelbarrow
36:21 Two-Man Saw
35:57 Bracer
38:07 Hand Cart
38:09 Heavy Cavalry Archer
39:15 Parthian Tactics
39:07 Heavy Plow
40:24 Chain Barding Armor
40:15 Forging
44:34 Ballistics
45:15 Chemistry
49:38 Plate Barding Armor
49:39 Iron Casting
49:37 Atheism
48:40 Elite Tarkan
49:41 Conscription
53:41 Blast Furnace
54:20 Light Cavalry
55:39 Hussar
58:03 Caravan
Rotrex
3:48 Loom
11:34 Feudal Age
16:10 Castle Age
14:10 Double-Bit Axe
15:55 Horse Collar
21:04 Wheelbarrow
25:44 Hand Cart
25:16 Town Watch
26:08 Bow Saw
26:06 Gold Mining
30:03 Imperial Age
27:42 Heavy Plow
28:28 Ballistics
28:28 Stone Mining
28:34 Fishing Lines
29:56 Stone Shaft Mining
30:12 Murder Holes
30:15 Fletching
30:25 Padded Archer Armor
31:52 Chemistry
30:54 Elite Conquistador
31:42 Husbandry
32:52 Bloodlines
34:34 Two-Man Saw
33:52 Leather Archer Armor
36:40 Conscription
44:07 Masonry
49:06 Supremacy
56:20 Fortified Wall
56:42 Light Cavalry
58:36 Hussar
59:29 Scale Barding Armor
59:36 Forging
59:56 Ring Archer Armor
65:53 Chain Barding Armor
66:08 Iron Casting
69:33 Plate Barding Armor
70:11 Blast Furnace
GAO++pro a>n
1:44 Loom
12:36 Feudal Age
19:29 Castle Age
17:35 Horse Collar
18:16 Double-Bit Axe
25:36 Fishing Lines
29:25 Wheelbarrow
33:03 Imperial Age
31:04 Crossbowman
31:46 Gillnets
32:02 Fletching
33:12 Bodkin Arrow
33:19 Padded Archer Armor
34:00 Bracer
35:09 Leather Archer Armor
34:38 Arbalester
35:52 Ballistics
36:46 Elite Skirmisher
39:28 Hand Cart
41:41 Ring Archer Armor
42:13 Chemistry
lillithadam20
12:29 Feudal Age
16:27 Castle Age
15:17 Double-Bit Axe
19:58 Bow Saw
22:39 Fishing Lines
22:59 Loom
23:49 Wheelbarrow
23:03 Horse Collar
25:37 Hand Cart
29:21 Imperial Age
27:14 Stone Mining
28:07 Stirrups
28:18 Scale Barding Armor
28:24 Forging
29:01 Chain Barding Armor
28:54 Bloodlines
30:42 Plate Barding Armor
29:28 Cavalier
30:09 Husbandry
30:32 Conscription
31:16 Iron Casting
34:14 Blast Furnace
34:23 Fletching
36:00 Gold Mining
37:22 Light Cavalry
37:59 Bodkin Arrow
38:43 Gold Shaft Mining
38:44 Stone Shaft Mining
41:31 Bracer
41:01 Hussar
46:05 Ballistics
51:14 Elite Skirmisher
51:59 Thumb Ring
52:20 Parthian Tactics
54:06 Padded Archer Armor
56:38 Leather Archer Armor
62:53 Chemistry
62:05 Masonry
61:35 Capped Ram
KAWAE
0:47 Loom
11:49 Feudal Age
17:15 Castle Age
15:10 Double-Bit Axe
15:16 Fishing Lines
18:22 Bow Saw
21:44 Gillnets
23:00 Horse Collar
25:13 Wheelbarrow
25:22 Redemption
26:29 Hand Cart
31:34 Imperial Age
29:06 Gold Mining
29:14 Fletching
30:35 Ballistics
30:35 Bodkin Arrow
32:18 Bracer
33:49 Chemistry
32:49 Elite Skirmisher
33:33 Padded Archer Armor
33:49 Forging
34:35 Conscription
34:13 Stone Mining
34:47 Leather Archer Armor
36:34 Thumb Ring
36:11 Treadmill Crane
37:14 Scale Mail Armor
37:50 Ring Archer Armor
36:44 Pikeman
38:21 Halberdier
40:43 Chain Mail Armor
41:05 Iron Casting
42:34 Plate Mail Armor
42:15 Caravan
42:16 Murder Holes
42:33 Gambesons
42:46 Onager
44:12 Squires
44:27 Logistica
44:14 Elite Cataphract
45:11 Arson
44:49 Elite Varangian Guard
47:01 Two-Man Saw
46:15 Scale Barding Armor
49:37 Chain Barding Armor
51:50 Hoardings
52:39 Plate Barding Armor
67:50 Guilds
白桃桃
10:16 Feudal Age
11:10 Double-Bit Axe
14:41 Castle Age
19:46 Fishing Lines
21:11 Horse Collar
22:31 Bow Saw
24:40 Wheelbarrow
24:22 Gillnets
24:32 Stone Mining
26:00 Hand Cart
25:31 Town Watch
25:32 Loom
25:46 Gold Mining
27:04 Gold Shaft Mining
27:06 Stone Shaft Mining
26:54 Fletching
27:04 Padded Archer Armor
27:47 Bodkin Arrow
28:25 Ballistics
28:23 Herbal Medicine
31:31 Imperial Age
30:49 Leather Archer Armor
30:44 Forging
30:46 Bloodlines
30:37 Husbandry
31:02 Light Cavalry
32:47 Conscription
32:11 Elite Mangudai
32:30 Hussar
34:00 Scale Barding Armor
33:56 Bracer
34:32 Iron Casting
35:54 Chain Barding Armor
37:32 Blast Furnace
37:09 Parthian Tactics
36:50 Thumb Ring
37:49 Caravan
37:43 Onager
40:26 Siege Engineers
41:21 Chemistry
41:59 Elite Steppe Lancer
51:17 Coinage
52:33 Banking
67:24 Drill
67:05 Nomads
67:42 Capped Ram
68:44 Siege Ram
七七2025
6:32 Loom
12:02 Feudal Age
18:09 Castle Age
15:53 Horse Collar
16:47 Double-Bit Axe
20:54 Wheelbarrow
20:31 Bow Saw
23:07 Heavy Plow
26:22 Hand Cart
32:36 Imperial Age
30:02 Gold Mining
30:04 Stone Mining
32:27 Caravan
32:36 Scale Barding Armor
32:42 Forging
32:55 Detinets
33:34 Town Watch
33:40 Elite Boyar
34:41 Conscription
34:43 Chain Barding Armor
34:59 Iron Casting
35:28 Two-Man Saw
34:59 Crop Rotation
35:55 Hoardings
36:33 Plate Barding Armor
36:23 Druzhina
38:07 Blast Furnace
37:20 Bloodlines
37:11 Husbandry
37:50 Scale Mail Armor
37:14 Pikeman
37:55 Squires
41:07 Fortified Wall
41:09 Masonry
41:57 Elite Skirmisher
42:28 Fletching
42:40 Padded Archer Armor
43:03 Ballistics
43:44 Chemistry
45:11 Bodkin Arrow
45:33 Leather Archer Armor
49:15 Ring Archer Armor
48:45 Murder Holes
53:07 Chain Mail Armor
56:09 Capped Ram
58:12 Coinage
62:36 Halberdier
63:52 Plate Mail Armor
64:05 Siege Ram
EBE_3
7:12 Loom
10:41 Feudal Age
11:15 Double-Bit Axe
14:29 Fishing Lines
17:08 Town Watch
20:32 Castle Age
21:25 Bow Saw
26:40 Imperial Age
24:45 Fletching
25:16 Padded Archer Armor
26:17 Chemistry
25:13 Murder Holes
25:29 Masonry
25:30 Gillnets
26:01 Bodkin Arrow
27:08 Wagenburg Tactics
28:06 Conscription
28:33 Horse Collar
30:15 Houfnice
31:32 Horse Collar
33:54 Two-Man Saw
32:54 Heavy Plow
37:21 Siege Engineers
37:47 Architecture
37:07 Guard Tower
37:03 Arrowslits
37:39 Ballistics
52:05 Wheelbarrow
51:32 Town Patrol
54:18 Coinage
53:58 Guilds
53:50 Caravan
54:51 Caravan
55:21 Banking
55:02 Guilds
55:13 Hand Cart
58:29 Bracer
58:30 Scale Mail Armor
58:40 Forging
59:43 Squires
59:29 Arson
59:04 Pikeman
60:13 Forging
60:04 Scale Mail Armor
61:33 Iron Casting
62:26 Chain Mail Armor
63:15 Halberdier
63:47 Man-at-Arms
65:01 Plate Mail Armor
65:31 Blast Furnace
65:48 Blast Furnace
65:05 Leather Archer Armor
64:36 Long Swordsman
65:58 Crossbowman
68:36 Two-Handed Swordsman
71:11 Keep
72:04 Ring Archer Armor
71:58 Bombard Tower
71:24 Capped Ram
Connection lost

Rejoining the realm…

Still unreachable

The connection could not be restored.

Session expired

The server has moved on; the page needs a fresh start.